 Dungeon Crawl Stone Soup version 0.29.0-4-gdea44cf6ec (webtiles) character file.

Game seed: 3934586958775095114

1074 qw the Grappler (level 8, -1/75 HPs)
             Began as a Troll Cinder Acolyte on Aug 30, 2022.
             Was an Elder of Ignis.
             Succumbed to a gnoll's poison
             ... on level 5 of the Dungeon.
             The game lasted 00:01:48 (3493 turns).

qw the Grappler (Troll Cinder Acolyte)              Turns: 3493, Time: 00:01:49

Health: -1/75      AC: 11    Str: 25    XL:     8   Next: 7%
Magic:  8/8        EV:  9    Int: 10    God:    Ignis [****..]
Gold:   258        SH:  5    Dex:  5    Spells: 9/9 levels left

rFire   + . .      SeeInvis .     - Unarmed
rCold   . . .      Faith    .   (no shield)
rNeg    . . .      Spirit   .   a - +0 robe
rPois   .          Reflect  +   (helmet restricted)
rElec   .          Harm     .   (no cloak)
rCorr   .          Rampage  .   (gloves unavailable)
Will    .....                   (boots unavailable)
Stlth   +.........              j - amulet of reflection
HPRegen 1.02/turn               (no ring)
MPRegen 0.11/turn               (no ring)

@: lethally poisoned (-1 -> -18), about to teleport, fiery-armoured
A: large, unfitting armour, claws 3, regeneration 1, shaggy fur 1, tough skin 1
a: Renounce Religion, Fiery Armour, Foxfire Swarm, Rising Flame


You were on level 5 of the Dungeon.
You worshipped Ignis.
Ignis was greatly pleased with you.
You visited 1 branch of the dungeon, and saw 6 of its levels.

You collected 373 gold pieces.
You spent 115 gold pieces at shops.


Innate Abilities, Weirdness & Mutations

You are too large for most types of armour.
You have claws for hands.
Your natural rate of healing is unusually fast.
You are covered in fur. (AC +1)
You have tough skin. (AC +1)


   Skills:
 - Level 3.2 Fighting
 - Level 1.5 Dodging
 + Level 9.3 Unarmed Combat
 - Level 1.0 Spellcasting
 - Level 2.1 Fire Magic


You had 9 spell levels left.
You didn't know any spells.
Your spell library contained the following spells:

 Spells                   Type           Power      Damage    Failure   Level
 Scorch                   Fire           8%         2d5       22%         2

Inventory:

Armour
 a - a +0 robe (worn)
Jewellery
 j - an amulet of reflection (around neck)
Scrolls
 c - 2 scrolls of brand weapon
 e - a scroll of identify
Potions
 b - 3 potions of curing
 f - a potion of mutation
 g - a potion of degeneration {unknown}
 h - a potion of attraction {unknown}
 k - a potion of heal wounds

Dungeon Overview and Level Annotations

Branches:
Dungeon (6/15)
 Temple: D:4-7

Altars:

Shops:
D:2 ?

Portals:
Abyss: D:6

Annotations:
D:4 3 runed translucent doors, qw's ghost, amateur TeWr
D:6 1 transporter, qw's ghost, amateur TeWr


Message History

The gnoll hits you from afar with a +1 halberd of venom!
You are poisoned.
You mangle the gnoll!!
You kill the gnoll!
You feel sick.
The gnoll hits you from afar with a +1 halberd of venom.
You are more poisoned.
The gnoll hits you with a +0 halberd!
You barely miss the gnoll.
You feel very sick.
The gnoll hits you from afar with a +1 halberd of venom.
You are more poisoned.
The gnoll barely misses you.
You closely miss the gnoll.
You feel very sick.
The gnoll hits you from afar with a +1 halberd of venom.
You are more poisoned.
The gnoll hits you with a +0 halberd.
3489 ||| INVOKING Fiery Armour.
A protective cloak of flame settles atop you.
You feel very sick.
The gnoll hits you from afar with a +1 halberd of venom.
You are more poisoned.
You block the gnoll's attack.
You claw the gnoll!
The gnoll is almost dead.
You feel very sick.
You barely miss the gnoll.
The gnoll is almost dead.
You feel very sick. The gnoll closely misses you. The gnoll barely misses you.
You scratch the gnoll but do no damage. You claw the gnoll.
You kill the gnoll!
You feel very sick.
The gnoll hits you from afar with a +1 halberd of venom!
You are more poisoned.
3493 ||| READING scroll of teleportation.
As you read the scroll of teleportation, it crumbles to dust.
You feel strangely unstable.
You die...

########################
..........#.............
.....g)@..'.............
.......)..#.............
.........##.......##....
###########.......##....
#........###'##
#..............
#..............
##.......##....
##.......##....


You could see a gnoll.

Vanquished Creatures
  Sigmund (D:2)
  2 ice beasts
  An ogre (D:2)
  A necrophage (D:5)
  4 scorpions (D:4)
  A hound (D:5)
  Terence (D:2)
  Natasha (thrice) (D:1)
  An iguana (D:4)
  6 gnolls
  6 adders
  A white imp (D:6)
  4 worms
  A dart slug (D:4)
  10 orcs
  An endoplasm (D:2)
  3 giant cockroaches
  8 goblins
  4 hobgoblins
  3 jackals (D:1)
  4 ball pythons
  5 bats
  4 frilled lizards
  2 kobolds (D:3)
  3 rats
80 creatures vanquished.

Notes
Turn   | Place    | Note
-------+----------+-------------------------------------------
     0 | D:1      | qw the Troll Cinder Acolyte began the quest for the Orb.
     0 | D:1      | Reached XP level 1. HP: 22/22 MP: 1/1
     0 | D:1      | 0 ||| qw: Version: 0.1-a-95-gae9e614
     0 | D:1      | 0 ||| qw: Game counter: 4395
     0 | D:1      | 0 ||| qw: Always use a shield: true
     0 | D:1      | 0 ||| qw: God list: Okawaru
     0 | D:1      | 0 ||| qw: Allow faded altars: false
     0 | D:1      | 0 ||| qw: Do Orc after D:15 true
     0 | D:1      | 0 ||| qw: Do second Lair branch before Depths: true
     0 | D:1      | 0 ||| qw: Lair rune preference: random
     0 | D:1      | 0 ||| qw: Plans: Normal
     0 | D:1      | 0 ||| PLANNING D:1-11
   245 | D:1      | Reached XP level 2. HP: 29/29 MP: 2/2
   278 | D:1      | Found a faded altar of an unknown god.
   541 | D:1      | 541 ||| READING scroll labelled HESHUTR RYOSMI.
   542 | D:1      | 542 ||| READING scroll labelled REWKIU YKUGES.
   547 | D:1      | 547 ||| READING scroll labelled MAOBOH RESSUN.
   548 | D:1      | 548 ||| DRINKING 2 glowing inky potions.
   549 | D:1      | 549 ||| DROPPING potion of invisibility.
   583 | D:2      | Noticed an ogre
   592 | D:2      | 592 ||| INVOKING Fiery Armour.
   593 | D:2      | Killed an ogre
   594 | D:2      | Reached skill level 5 in Unarmed Combat
   594 | D:2      | Reached XP level 3. HP: 19/36 MP: 3/3
   594 | D:2      | Reached XP level 4. HP: 23/44 MP: 4/4
   720 | D:2      | Noticed Natasha
   722 | D:2      | 722 ||| STAIRDANCE
   731 | D:1      | 731 ||| DRINKING 2 murky emerald potions.
   836 | D:1      | 836 ||| DROPPING potion of berserk rage.
   843 | D:2      | 843 ||| STAIRDANCE
   849 | D:1      | Killed Natasha
   854 | D:1      | Noticed Natasha
   858 | D:1      | Killed Natasha
   859 | D:1      | Reached XP level 5. HP: 50/50 MP: 5/5
   869 | D:1      | Noticed Natasha
   874 | D:1      | Killed Natasha
   875 | D:1      | Reached skill level 6 in Unarmed Combat
   877 | D:1      | 877 ||| DRINKING 2 fizzy inky potions.
   878 | D:1      | 878 ||| DROPPING potion of flight.
   886 | D:2      | 886 ||| Stepping ~*~*~tactically~*~*~ (stealth).
   910 | D:2      | Noticed Sigmund
   911 | D:2      | 911 ||| Stepping ~*~*~tactically~*~*~ (hiding).
   912 | D:2      | 912 ||| Stepping ~*~*~tactically~*~*~ (hiding).
   913 | D:2      | 913 ||| Stepping ~*~*~tactically~*~*~ (hiding).
   943 | D:2      | 943 ||| INVOKING Fiery Armour.
   949 | D:2      | Killed Sigmund
   950 | D:2      | Reached skill level 7 in Unarmed Combat
   950 | D:2      | Reached XP level 6. HP: 28/59 MP: 6/6
   961 | D:2      | 961 ||| FLEEEEING.
   962 | D:2      | 962 ||| FLEEEEING.
   971 | D:2      | 971 ||| STAIRDANCE
  1105 | D:2      | Found Ginisok's Magic Scroll Emporium.
  1117 | D:2      | 1117 ||| BUYING scroll of brand weapon (95 gold).
  1117 | D:2      | Bought a scroll of brand weapon for 95 gold pieces
  1117 | D:2      | 1117 ||| SHOPLISTING scroll of enchant weapon (75 gold,
                  | have 25).
  1117 | D:2      | 1117 ||| BUYING scroll of identify (20 gold).
  1117 | D:2      | Bought a scroll of identify for 20 gold pieces
  1139 | D:2      | Noticed Terence
  1146 | D:2      | Killed Terence
  1358 | D:3      | 1358 ||| Stepping ~*~*~tactically~*~*~ (stealth).
  1621 | D:3      | 1621 ||| Stepping ~*~*~tactically~*~*~ (stealth).
  1634 | D:3      | You fall into a shaft and drop 3 floors!
  1639 | D:6      | Noticed a red ugly thing
  1639 | D:6      | Noticed qw's ghost (amateur TeWr)
  1640 | D:6      | Found a one-way gate to the infinite horrors of the Abyss.
  1640 | D:6      | Noticed a small abomination
  1641 | D:6      | Noticed an ice beast
  1652 | D:6      | 1652 ||| INVOKING Fiery Armour.
  1655 | D:6      | Killed an ice beast
  1656 | D:6      | Reached skill level 8 in Unarmed Combat
  1664 | D:6      | Reached XP level 7. HP: 40/66 MP: 7/7
  1701 | D:6      | Found a transporter.
  1719 | D:6      | 1719 ||| Stepping ~*~*~tactically~*~*~ (stealth).
  1730 | D:6      | 1730 ||| Stepping ~*~*~tactically~*~*~ (hiding).
  1731 | D:6      | 1731 ||| FLEEEEING.
  1767 | D:6      | 1767 ||| FLEEEEING.
  1774 | D:6      | 1774 ||| STAIRDANCE
  1775 | D:5      | Entered Level 5 of the Dungeon
  1783 | D:5      | 1783 ||| Stepping ~*~*~tactically~*~*~ (outnumbered).
  1784 | D:5      | 1784 ||| Stepping ~*~*~tactically~*~*~ (outnumbered).
  1791 | D:5      | Reached skill level 3 in Fighting
  1883 | D:5      | 1883 ||| UPGRADING to amulet of reflection.
  1888 | D:5      | 1888 ||| READING scroll labelled DUISAIZOWN.
  1889 | D:5      | 1889 ||| DRINKING 2 metallic white potions.
  1891 | D:5      | 1891 ||| Stepping ~*~*~tactically~*~*~ (stealth).
  1941 | D:3      | 1941 ||| Stepping ~*~*~tactically~*~*~ (outnumbered).
  2068 | D:3      | 2068 ||| Stepping ~*~*~tactically~*~*~ (hiding).
  2085 | D:3      | 2085 ||| Stepping ~*~*~tactically~*~*~ (outnumbered).
  2496 | D:3      | 2496 ||| READING scroll labelled IDINOH SIJUATH.
  2497 | D:3      | 2497 ||| READING scroll labelled ASUVAYNOASCH.
  2498 | D:3      | 2498 ||| DRINKING 3 metallic amethyst potions.
  2850 | D:4      | 2850 ||| Stepping ~*~*~tactically~*~*~ (hiding).
  2937 | D:4      | 2937 ||| Stepping ~*~*~tactically~*~*~ (stealth).
  2965 | D:4      | Reached skill level 9 in Unarmed Combat
  3157 | D:4      | Found a runed translucent gate.
  3158 | D:4      | Found a runed translucent gate.
  3159 | D:4      | Found a runed translucent gate.
  3160 | D:4      | Noticed qw's ghost (amateur TeWr)
  3160 | D:4      | Noticed qw's ghost (amateur TeWr)
  3160 | D:4      | Noticed qw's ghost (amateur TeWr)
  3160 | D:4      | Noticed qw's ghost (amateur TeWr)
  3161 | D:4      | Noticed qw's ghost (amateur TeWr)
  3196 | D:4      | Reached skill level 1 in Dodging
  3329 | D:4      | 3329 ||| READING scroll labelled XAOMER MOLOX.
  3330 | D:4      | 3330 ||| READING scroll labelled USOKAMI LULYK.
  3331 | D:4      | 3331 ||| READING scroll labelled VYFA KOR EFUTS.
  3332 | D:4      | 3332 ||| READING 2 scrolls of identify.
  3332 | D:4      | 3332 ||| IDENTIFYING red potion
  3368 | D:5      | Reached XP level 8. HP: 64/75 MP: 8/8
  3368 | D:5      | 3368 ||| STAIRDANCE
  3489 | D:5      | 3489 ||| INVOKING Fiery Armour.
  3492 | D:5      | HP: 16/75 [poisoned by a gnoll]
  3492 | D:5      | HP: 4/75 [gnoll/+1 halberd of venom (12)]
  3493 | D:5      | 3493 ||| READING scroll of teleportation.
  3493 | D:5      | Succumbed to a gnoll's poison

Levels and vault maps discovered:
D:1:      kennysheep_arrival_forest, layout_basic, basic_ecumenical_altar
D:2:      layout_basic, serial_shops, nicolae_shop_statue_plus, uniq_sigmund,
          uniq_natasha, uniq_terence
D:3:      layout_basic, minmay_pentomino_pile
D:4:      layout_basic, gammafunk_ghost_cemetery, chequers_serial_rivers_small_b
D:5:      layout_gridville, temple_green
D:6:      layout_basic, elyvilon_altar_5, gammafunk_ghost_abyssal_escape,
          dreamdust_gnoll_farm, uniq_grinder

Skill      XL: |  1  2  3  4  5  6  7 |
---------------+----------------------+-----
Unarmed Combat | 5 7 8 9 |  9.3
Fighting       | 3 |  3.2
Dodging        | 1 |  1.5
Spellcasting   | |  1.0
Fire Magic     | |  2.1

Action                   |  1- 3 |  4- 6 |  7- 9 || total
-------------------------+-------+-------+-------++-------
Melee: Unarmed           |    28 |    69 |    98 ||   195
       Punch             |       |     2 |     2 ||     4
Throw: Boomerang         |    13 |     7 |       ||    20
Invok: Fiery Armour      |     1 |     2 |     1 ||     4
  Use: Scroll            |     3 |       |     8 ||    11
       Potion            |     1 |     2 |     2 ||     5
Armor: Robe              |     9 |    15 |    17 ||    41
Dodge: Dodged            |    14 |    16 |    28 ||    58
Block: Other             |       |       |    10 ||    10
       Reflection        |       |       |     1 ||     1

Table legend:
 A = Non-vault XP
 B = Vault XP
 C = Vault XP percentage of total XP
 D = Non-vault monster count
 E = Vault monster count
 F = Vault count percentage of total count
                 A         B        C        D         E       F
            +---------+---------+-------+---------+---------+-------
      Total |    1213 |     322 |  21.0 |      73 |       7 |   8.8
            +---------+---------+-------+---------+---------+-------
        D:1 |      87 |      36 |  29.3 |      12 |       1 |   7.7
        D:2 |     174 |     269 |  60.7 |      17 |       2 |  10.5
        D:3 |      48 |      17 |  26.2 |      16 |       4 |  20.0
        D:4 |     391 |       0 |   0.0 |      11 |       0 |   0.0
        D:5 |     307 |       0 |   0.0 |      10 |       0 |   0.0
        D:6 |     206 |       0 |   0.0 |       7 |       0 |   0.0
            +---------+---------+-------+---------+---------+-------
